 Dungeon Crawl Stone Soup version 0.28.0 (webtiles) character file.

Game seed: 1038943713205665693

74 Hasart the Skirmisher (level 3, -1/31 HPs)
             Began as a Demigod Fighter on Feb 9, 2022.
             Succumbed to an adder's poison
             ... on level 2 of the Dungeon.
             The game lasted 00:02:23 (2180 turns).

Hasart the Skirmisher (Demigod Fighter)             Turns: 2180, Time: 00:02:23

Health: -1/31      AC:  6    Str: 17    XL:     3   Next: 85%
Magic:  5/5        EV:  6    Int: 10    God:
Gold:   35         SH:  5    Dex: 17    Spells: 2/2 levels left

rFire   + . .      SeeInvis .   a - +0 flail
rCold   + . .      Faith    .   c - +0 buckler
rNeg    . . .      Spirit   .   b - +0 scale mail
rPois   +          Reflect  .   (no helmet)
rElec   +          Harm     .   (no cloak)
rCorr   +          Rampage  .   (no gloves)
Will    .....                   (no boots)
Stlth   ..........              (no amulet)
HPRegen 0.10/turn               (no ring)
MPRegen 0.09/turn               (no ring)

@: lethally poisoned (-1 -> -11), resistant, constricted
A: high MP 1, forlorn, divine attributes
a: no special abilities


You were on level 2 of the Dungeon.
You visited 1 branch of the dungeon, and saw 2 of its levels.

You collected 35 gold pieces.

Inventory:

Hand Weapons
 a - a +0 flail (weapon)
Missiles
 h - 3 boomerangs (quivered)
Armour
 b - a +0 scale mail (worn)
 c - a +0 buckler (worn)
Jewellery
 e - an amulet of regeneration
Scrolls
 f - a scroll of identify {unknown}
Potions
 d - a potion of might


   Skills:
 + Level 3.0 Fighting
 * Level 2.7 Maces & Flails
 + Level 0.0 Throwing
 + Level 3.0 Armour
 + Level 1.1 Dodging
 + Level 3.0 Shields


You had 2 spell levels left.
You didn't know any spells.
Your spell library was empty.

Dungeon Overview and Level Annotations

Branches:
Dungeon (2/15)


Innate Abilities, Weirdness & Mutations

You have an increased reservoir of magic. (+10% MP)
You shall have no god before yourself.
Your divine heritage dramatically boosts your attributes as you level up.


Message History

The adder bites you but does no damage.
You barely miss the adder.
You feel sick. The ball python barely misses you.
The ball python constricts you. The adder barely misses you.
The ball python bites you but does no damage.
The ball python constricts you.
You miss the adder.
You feel sick. The adder bites you. You block the ball python's attack.
The ball python constricts you. The adder bites you but does no damage.
You hit the adder.
The adder is heavily wounded.
You feel sick.
You are no longer poisoned.
The ball python barely misses you. The ball python constricts you.
The adder bites you.
The ball python bites you but does no damage.
The ball python constricts you. The adder bites you.
You are poisoned.
The adder poisons you!
You hit the adder.
The adder is almost dead.
* * * LOW HITPOINT WARNING * * *
You feel very sick. The adder bites you but does no damage.
The ball python bites you but does no damage.
The ball python constricts you. The ball python bites you.
* * * LOW HITPOINT WARNING * * *
The ball python constricts you. The adder bites you.
* * * LOW HITPOINT WARNING * * *
You are more poisoned.
The adder poisons you!
It was a potion of resistance.
You feel protected.
* * * LOW HITPOINT WARNING * * *
You feel sick. You block the adder's attack.
The ball python bites you but does no damage.
The ball python constricts you.
Unknown command.
You miss the adder.
The adder is almost dead.
You die...

###################
#...(.............#
#.................###.
#.............@S......
###............#.S......
.......................>
########'########..?...:
.##........# .......
..#........# .......
..#........# .......
...........# .......
.##........#


You could see an adder and a ball python.

Vanquished Creatures
  4 gnolls
  A worm (D:2)
  A dart slug (D:1)
  2 endoplasms (D:1)
  2 giant cockroaches
  2 goblins
  2 hobgoblins
  4 kobolds
  2 quokkas
  4 ball pythons
  5 bats
  2 frilled lizards (D:1)
  A rat (D:1)
32 creatures vanquished.

Vanquished Creatures (others)
  A plant (D:1)
1 creature vanquished.

Grand Total: 33 creatures vanquished

Notes
Turn   | Place    | Note
-------+----------+-------------------------------------------
     0 | D:1      | Hasart the Demigod Fighter began the quest for the Orb.
     0 | D:1      | Reached XP level 1. HP: 18/18 MP: 3/3
   458 | D:1      | Reached XP level 2. HP: 24/25 MP: 4/4
  1522 | D:1      | Reached XP level 3. HP: 31/31 MP: 5/5
  1722 | D:2      | Reached skill level 1 in Dodging
  2180 | D:2      | Succumbed to an adder's poison

Illustrated notes

Levels and vault maps discovered:
D:1:      minmay_arrival_four_loops, layout_basic,
          ebering_ecumenical_altar_webs, chequers_big_river
D:2:      layout_basic

Skill      XL: |  1  2  3 |
---------------+----------+-----
Maces & Flails | 2 |  2.7
Fighting       | 3 |  3.0
Armour         | 3 |  3.0
Shields        | 3 |  3.0
Dodging        | 1 |  1.1

Action                   || total
-------------------------++-------
Melee: Flail             ||   105
  Use: Potion            ||     1
Armor: Scale mail        ||    48
Dodge: Dodged            ||    55
Block: Buckler           ||    29
